[Event "*** Qualifier 1: Titled Tuesday 3|2 Blitz"]
[Site "Chess.com"]
[Date "2017.04.04"]
[Round "8"]
[White "PelinGorki"]
[Black "Bad4life"]
[Result "0-1"]
[WhiteElo "2398"]
[BlackElo "2295"]
[TimeControl "180+2"]
[EndTime "14:54:03 PDT"]
[Termination "Bad4life won by resignation"]

1. e4 c5 2. Nf3 d6 3. d4 cxd4 4. Nxd4 Nf6 5. Nc3 g6 6. Be3 Bg7 7. f3 Nc6 8. Qd2 O-O 9. O-O-O Nxd4 10. Bxd4 Be6 11. Kb1 Qc7 12. g4 Rfc8 13. h4 Qa5 14.
h5 g5 15. a3 h6 16. Nd5 Qxd2 17. Nxf6+ Bxf6 18. Rxd2 Kg7 19. Be3 Be5 20. Be2 a6 21.
Rhd1 b5 22. Bd4 Kf6 23. Be3 Rc6 24. Rf1 Rg8 25. Bd3 Bc4 26. Bxc4 bxc4 27. Bd4 c3 28. Bxe5+ Kxe5 29. bxc3 Rxc3 30. Rd5+ Ke6 31. Rd3 Rb8+ 32. Kc1 Rxd3 33. cxd3 Rb3 34. Kd2 Rxa3 35. Rb1 a5 36. Rb8 Ke5 37. Ke3 e6 38. Rh8 d5 39. exd5 exd5 40.
Rxh6 d4+ 41. Kd2 Ra2+ 42. Ke1 Kf4 43. Rf6+ Ke3 44. Kf1 a4 45. Kg1 a3 46. Ra6 Kxf3 47.
h6 Kg3 48. Kf1 Rf2+ 49. Ke1 a2 50. h7 Rh2 51. Rxa2 Rxh7 52. Ra4 Kxg4 53. Rxd4+ Kf3 54.
Rd5 g4 55. Kd2 Rh2+ 56. Kc3 g3 57. Rf5+ Kg4 58. Rxf7 g2 59. Kc4 Rh5 0-1

[Event "*** Qualifier 1: Titled Tuesday 3|2 Blitz"]
[Site "Chess.com"]
[Date "2017.04.04"]
[Round "8"]
[White "GeorgMeier"]
[Black "SantoBlue"]
[Result "1-0"]
[WhiteElo "2713"]
[BlackElo "2534"]
[TimeControl "180+2"]
[EndTime "14:54:38 PDT"]
[Termination "GeorgMeier won by resignation"]

1. Nf3 g6 2. g3 Bg7 3. d4 Nf6 4.
Bg2 O-O 5. O-O d6 6. b3 Nbd7 7. Bb2 c5 8. c4 a6 9. Nc3 Rb8 10. a4 Re8 11. e3 b6 12. Qc2 Bb7 13. d5 Bc8 14. h3 h6 15. Nd2 Nf8 16. f4 e6 17. dxe6 Bxe6 18. Rad1 Qc8 19. Kh2 h5 20. Nde4 Bf5 21. Nxf6+ Bxf6 22. Qd2 Nh7 23. e4 Be6 24. e5 dxe5 25. Ne4 Bg7 26. Nd6 Qc7 27. Nxe8 Rxe8 28.
Bxe5 Bxe5 29. fxe5 Qxe5 30. Rfe1 Qf6 31. Qf4 Qb2 32.
Rd3 Nf6 33. Qd2 Qxd2 34. Rxd2 Rb8 35. Rd6 Kg7 36. Re3 Bf5 37. Bd5 b5 38. cxb5 axb5 39. a5 Nxd5 40. Rxd5 Ra8 41. b4 cxb4 42. Rxb5 Be6 43. Kg2 b3 44. Kf2 Rc8 45. Re2 Rc1 46. Rb2 Ra1 47. Ke3 Ra4 48. h4 Rg4 49. Kf2 Ra4 50.
Ke3 Rg4 51. Kf3 Ra4 52. Ke3 Bc4 53. Rc5 Be6 54. Kd3 Ra1 55. Kd4 Kf6 56. Rb5 Ke7 57. Kc5 Ra2 58. Rb1 Kd8 59. Kb6 Rd2 60. a6 Rd6+ 61. Ka5 Bc8 62. Rb6 Rd2 63. R1xb3 Ra2+ 64. Kb5 Bd7+ 65. Kc5 Bc8 66. Rd3+ Ke7 67. Rb7+ Kf6 68.
Kb6 Rb2+ 69. Kc7 Rc2+ 70. Kd8 Rc6 71. Rc7 Rxc7 72. Kxc7 Bxa6 73. Rd6+ Kf5 74. Rxa6 Kg4 75. Ra3 f6 76. Kd6 g5 77. Ke6 gxh4 78. gxh4 f5 79. Ke5 Kxh4 80. Rf3 Kg4 81. Rf4+ Kg3 82.
Kxf5 h4 83. Rg4+ Kh3 84. Ra4 Kg3 85. Ra3+ Kg2 86. Kg4 1-0

[Event "*** Qualifier 1: Titled Tuesday 3|2 Blitz"]
[Site "Chess.com"]
[Date "2017.04.04"]
[Round "8"]
[White "biveklama"]
[Black "FearNoEvil12"]
[Result "1-0"]
[WhiteElo "2188"]
[BlackElo "2093"]
[TimeControl "180+2"]
[EndTime "14:54:46 PDT"]
[Termination "biveklama won by checkmate"]

1. Nf3 Nf6 2. g3 g6 3. Bg2 Bg7 4. O-O O-O 5. c3 d6 6. d4 Nc6 7. Re1 e5 8. e4 Bg4 9. d5 Ne7 10. h3 Bd7 11. c4 b6 12. Nc3 h6 13. b4 a5 14. bxa5 Rxa5 15. Bd2 Ra8 16. a4 Nh7 17. Qc1 g5 18. g4 Ng6 19. Nb5 Nf4 20. Bf1 Nf6 21.
a5 bxa5 22. Bxa5 Rc8 23. Nxd6 Ra8 24. Nb5 Nxg4 25. hxg4 Bxg4 26. Nh2 Qd7 27. Bd2 Bh3 28. Bxf4 exf4 29. e5 Rxa1 30. Qxa1 Bxf1 31. Rxf1 Qh3 32. Qc3 Qxc3 33. Nxc3 Bxe5 34. Ne4 f5 35. Nc5 Ra8 36. Nf3 Bf6 37. Nd7 Bg7 38. Re1 Ra3 39. Nfe5 g4 40.
c5 g3 41. fxg3 fxg3 42. Kg2 h5 43. Rh1 Re3 44. Ng6 h4 45. Rxh4 Kf7 46. Nf4 Ra3 47. c6 Rb3 48. Ne6 Bb2 49. Nxc7 Kg6 50. Ne6 Ra3 51.
Rh3 Rc3 52. Rxg3+ Rxg3+ 53. Kxg3 f4+ 54. Kxf4 Kf7 55. Ke4 Ke7 56. Kd3 Kd6 57. Kc4 Ba1 58. Nec5 Kc7 59. Ne4 Bg7 60. Kb5 Bd4 61. d6+ Kd8 62.
Kc4 Ba7 63. Kd5 Kc8 64. Nef6 Kd8 65. c7+ Kc8 66. Kc6 Bb6 67. Nxb6# 1-0

[Event "*** Qualifier 1: Titled Tuesday 3|2 Blitz"]
[Site "Chess.com"]
[Date "2017.04.04"]
[Round "8"]
[White "nihalsarin"]
[Black "Usurpov"]
[Result "0-1"]
[WhiteElo "2494"]
[BlackElo "2312"]
[TimeControl "180+2"]
[EndTime "14:54:54 PDT"]
[Termination "Usurpov won by checkmate"]

1. Nf3 Nf6 2. g3 g6 3. Bg2 Bg7 4. O-O O-O 5. b3 d5 6. Bb2 c6 7.
c4 Bg4 8. d3 Bxf3 9. Bxf3 e6 10.
Nd2 a5 11. a3 Ne8 12. Bxg7 Nxg7 13. b4 axb4 14. axb4 Nd7 15. Qb3 Qe7 16. Bg2 Nf5 17.
e3 Nd6 18. Ra2 Rxa2 19. Qxa2 Ne5 20. cxd5 cxd5 21. Qb3 Rc8 22. Nf3 Nxf3+ 23. Bxf3 Qc7 24. Kg2 Qc3 25. Qa4 Qxd3 26. Qd7 Qa6 27. b5 Qb6 28. Ra1 Qc7 29. Qxc7 Rxc7 30. Be2 Kf8 31. Ra8+ Ke7 32. g4 Rc2 33. Bf3 Nxb5 34. Rh8 Nd6 35. Rxh7 b5 36. h4 b4 37. Bd1 Rd2 38. Ba4 Ne4 39. h5 gxh5 40. gxh5 Rxf2+ 41. Kg1 Rf5 42. h6 Rg5+ 43.
Kf1 Nf6 44. Rh8 Rh5 45. Ke2 Ng4 46. h7 Nf6 47. Bc2 Rh2+ 48. Kd1 b3 49. Bb1 b2 50. Ke1 Ne4 51. Kf1 Kf6 52. Kg1 Rh6 53. Kg2 Nc3 54. Rb8 Nxb1 55. Rxb2 Nc3 56. Rf2+ Ke7 57.
Kf3 Rxh7 58. Rc2 Ne4 59. Rc7+ Kf6 60. Ra7 Rh3+ 61. Kf4 Rg3 62. Ra6 Rg1 63. Kf3 Rf1+ 64. Kg4 Ke5 65. Ra7 f5+ 66. Kh5 Rf3 67. Ra3 Nf2 68.
Kg6 Ne4 69. Kf7 Nd6+ 70. Ke7 Nc4 71. Ra6 Rxe3 72. Kd7 Kd4 73. Ra1 f4 74. Rd1+ Ke4 75. Kxe6 f3 76. Rxd5 f2 77. Rf5 Rf3 78. Rc5 f1=Q 79.
Rd5 Rf6+ 80. Ke7 Kxd5 81. Ke8 Qe2+ 82. Kd8 Rf7 83. Kc8 Qe8# 0-1

[Event "*** Qualifier 1: Titled Tuesday 3|2 Blitz"]
[Site "Chess.com"]
[Date "2017.04.04"]
[Round "8"]
[White "daro94"]
[Black "iturrizaga"]
[Result "1/2-1/2"]
[WhiteElo "2707"]
[BlackElo "2659"]
[TimeControl "180+2"]
[EndTime "14:55:07 PDT"]
[Termination "Game drawn by agreement"]

1. d4 Nf6 2. Bg5 d5 3. e3 Nbd7 4. Nd2 g6 5. Ngf3 Bg7 6. Be2 O-O 7. O-O b6 8. a4 a5 9. c3 Bb7 10. Bh4 Re8 11. b4 e5 12. Nb3 axb4 13. cxb4 Qe7 14. b5 Qb4 15. dxe5 Ne4 16. Nbd4 Nxe5 17. Rc1 Nc3 18.
Qc2 Nxe2+ 19. Qxe2 Nc4 20. Bg3 Re7 21. Rfd1 Qxa4 22.
h4 h5 23. Qf1 Qb4 24. Ra1 Ree8 25. Bxc7 Qc5 26. Bf4 Bf6 27. Bg5 Bg7 28. Bf4 Bf6 29.
Bg5 Bg7 30. Rxa8 Rxa8 31. Ra1 Ra5 32. Qc1 Rxa1 33. Qxa1 Qxb5 34. Qa7 Qd7 35. Bf4 Bf6 36. Bg5 Bg7 37. Bf4 f6 38. Qb8+ Qc8 39. Qa7 Bf8 40. Nb5 Bc5 41. Nfd4 Qa8 42. Qxa8+ Bxa8 43. Ne6 Bc6 44. Nxc5 bxc5 45. Nd6 Nb6 46. f3 c4 47. Kf2 Nd7 48. Nc8 Kf7 49. Ke2 Ke6 50.
Kd2 Ba4 51. Kc3 Bd1 52. Nd6 Be2 53. Nb5 Bf1 54. g3 Ne5 55. Nd4+ Kd7 56. Kd2 Bg2 57.
Ke2 Bh1 58. Bh6 c3 59. Bf8 Nc4 60. Bb4 Bg2 61. Bxc3 Bh3 62. Kf2 Be6 63. Ne2 Ke7 64. Nf4 Kf7 65. Bd4 Nd6 66. Nd3 Nf5 67. Bb2 Nd6 68.
Nc5 Nc4 69. Bd4 Nd6 70. Na4 Nf5 71. Bb2 Nd6 72. Nc5 Nc4 73. Bc3 Nd6 74. Nd3 Bf5 75. Nf4 Be6 76. Ba1 Nf5 77. Ng2 g5 78. Bb2 Bd7 79.
Bc3 Kg6 80. Bb2 Bc8 81. Bc3 1/2-1/2

[Event "*** Qualifier 1: Titled Tuesday 3|2 Blitz"]
[Site "Chess.com"]
[Date "2017.04.04"]
[Round "8"]
[White "biostatistician"]
[Black "Robin-Side"]
[Result "0-1"]
[WhiteElo "2456"]
[BlackElo "2419"]
[TimeControl "180+2"]
[EndTime "14:57:14 PDT"]
[Termination "Robin-Side won by checkmate"]

1. d4 Nf6 2. Nf3 e6 3. c4 Bb4+ 4. Nbd2 b6 5. a3 Bxd2+ 6. Bxd2 Bb7 7. Bg5 h6 8. Bh4 g5 9. Bg3 Ne4 10. Nd2 d6 11. Nxe4 Bxe4 12. f3 Bb7 13. e4 Nd7 14. Qd2 Qe7 15. Be2 O-O-O 16. a4 f5 17. a5 f4 18. Bf2 c5 19. axb6 axb6 20. O-O e5 21. d5 h5 22. Ra7 Kc7 23. Rfa1 Ra8 24.
Qc1 Rxa7 25. Rxa7 Ra8 26. Rxa8 Bxa8 27. Qa1 Bb7 28. g3 Qd8 29. Bf1 Qa8 30. Qxa8 Bxa8 31.
Bh3 Bb7 32. Bf5 Ba6 33. b3 b5 34. Bg6 bxc4 35. bxc4 Bxc4 36. Bxh5 Bd3 37. Be1 c4 38. Kf2 Nc5 39. Ba5+ Kd7 40. Bg4+ Ke7 41. Bc8 Na4 42. Ba6 Nc5 43. Bc8 Na4 44. Ke1 c3 45. Bb7 c2 46.
Kd2 Nb2 47. Kc1 Nc4 48. Be1 Ne3 49. Bc6 Be2 50. gxf4 exf4 51. h4 g4 52. fxg4 f3 53.
Ba4 Nxg4 54. Kxc2 f2 55. Bxf2 Nxf2 56. Kd2 Bh5 57. Ke3 Ng4+ 58. Kf4 Ne5 59. Kg5 Bf3 60. h5 Bxe4 61. h6 Nf7+ 62. Kh5 Kf6 63. Bb3 Bg6+ 64. Kg4 Nxh6+ 65. Kf4 Nf7 66. Ba2 Ne5 67. Bb3 Nd7 68. Bc4 Nc5 69. Ba2 Be8 70. Bc4 Ba4 71. Ba2 Bb3 72.
Bb1 Bxd5 73. Ke3 Ke5 74. Bc2 Bb3 75. Bb1 d5 76. Bh7 d4+ 77. Kd2 Bd5 78. Bg6 Be4 79. Bf7 d3 80. Bc4 Kd4 81. Bxd3 Nxd3 82. Kc2 Nc5+ 83. Kb2 Kc4 84. Ka3 Bd3 85. Ka2 Kb4 86.
Kb2 Na4+ 87. Ka2 Nc3+ 88. Kb2 Be4 89. Ka1 Nb5 90. Kb2 Na3 91. Ka2 Nc2 92. Kb2 Kc4 93.
Ka2 Kc3 94. Kb1 Bd5 95. Kc1 Ba2 96. Kd1 Nd4 97. Kc1 Ne2+ 98. Kd1 Kd3 99. Ke1 Ke3 100. Kd1 Bb3+ 101. Ke1 Nf4 102. Kf1 Bd5 103. Ke1 Ne2 104. Kd1 Bb3+ 105. Ke1 Nf4 106. Kf1 Ba4 107. Ke1 Ng2+ 108. Kf1 Kf3 109. Kg1 Kg3 110. Kf1 Bb5+ 111. Kg1 Nf4 112. Kh1 Bf1 113. Kg1 Bh3 114. Kh1 Nd3 115. Kg1 Nf4 116. Kh1 Bg2+ 117. Kg1 Ne2# 0-1

[Event "*** Qualifier 1: Titled Tuesday 3|2 Blitz"]
[Site "Chess.com"]
[Date "2017.04.04"]
[Round "8"]
[White "Sebastian"]
[Black "AkshatChandra"]
[Result "0-1"]
[WhiteElo "2613"]
[BlackElo "2645"]
[TimeControl "180+2"]
[EndTime "14:58:22 PDT"]
[Termination "AkshatChandra won by resignation"]

1. e4 e6 2. d4 d5 3. Nc3 Nf6 4. e5 Nfd7 5. f4 c5 6. Nf3 Nc6 7. Be3 Be7 8. Qd2 b6 9. Nd1 cxd4 10.
Nxd4 Nxd4 11. Bxd4 Nb8 12. Be2 O-O 13. O-O Nc6 14. c3 Nxd4 15. cxd4 Bd7 16. Ne3 g6 17. Rf3 Rc8 18. Rh3 h5 19. g4 h4 20. g5 Kg7 21. Rxh4 Rh8 22. Rxh8 Qxh8 23. Kg2 Qh4 24. Bg4 Bb5 25. h3 a5 26. Qf2 Qxf2+ 27. Kxf2 a4 28. Be2 Bxe2 29. Kxe2 a3 30. Rb1 Rh8 31. bxa3 Rxh3 32. Rxb6 Rh2+ 33. Kf3 Rxa2 34. Rb7 Kf8 35. Rb8+ Kg7 36. Re8 Bf8 37. Ng4 Rxa3+ 38. Ke2 Ra2+ 39. Ke3 Ra3+ 40. Ke2 Ra2+ 41. Kf3 Ra3+ 42. Kf2 Rd3 43.
Nf6 Rxd4 44. Kf3 Ra4 45. Rd8 Ra3+ 46. Kg4 Ra1 47. Ne8+ Kg8 48. Nf6+ Kg7 49. Rd7 Ra8 50. Kf3 Ra3+ 51. Ke2 Ra8 52. Ng4 Ba3 53. Nh6 Rf8 54.
Kf3 Bc1 55. Kg4 Bd2 56. Kf3 Bc1 57. Rc7 Bd2 58. Rd7 Bc1 59. Kg4 Be3 60. Kg3 Bc1 61. Kf3 Bd2 62. Ng4 Ra8 63. Nh6 Rf8 64. Rc7 Ba5 65. Rb7 Bd2 66. Kg3 Be3 67. Ng4 Bc1 68.
Kf3 Ra8 69. Nh6 Rf8 70. Ra7 Bd2 71. Ra2 Bc1 72. Rc2 Ba3 73. Rc7 Bb4 74. Ke3 Ba5 75.
Rb7 Bc3 76. Kd3 Be1 77. Ke2 Bc3 78. Ke3 Be1 79. Kd3 Ba5 80. Ra7 Bb6 81. Rb7 Ba5 82. Ke3 Bc3 83. Kf3 Bd2 84. Kg3 Be3 85. Kf3 Bd2 86.
Ng4 Ra8 87. Nf6 Ba5 88. Ng4 Rf8 89. Ke3 Bc3 90. Kd3 Ba5 91. Nh6 Be1 92. Ra7 Bb4 93. Rc7 Ba5 94. Rb7 Be1 95. Ke3 Ba5 96. Ng4 Bd8 97.
Kd4 Rh8 98. Nh6 Rf8 99. Kc5 Ba5 100. Ra7 Bd2 101. Ra4 Be3+ 102. Kd6 d4 103. Ng4 Bxf4 104. Rxd4 Bxg5 105. Kc5 Rc8+ 106. Kb5 Rc1 107. Rc4 Re1 108. Kc5 Bh4 109. Kd6 Bg3 110. Ra4 g5 111. Ra3 Bf4 112. Rh3 Kg6 113. Ke7 Kf5 114. Nh6+ Kxe5 115. Nxf7+ Kf5 116. Nh6+ Kg6 117. Ng4 Kf5 118. Nh6+ Kg6 119. Ng4 Rg1 120. Rh6+ Kf5 121. Nf6 g4 122. Rh5+ Kg6 123. Rh8 Bg5 124. Rg8+ Kf5 125. Rf8 Ke5 126. Rf7 Rf1 0-1

[Event "*** Qualifier 1: Titled Tuesday 3|2 Blitz"]
[Site "Chess.com"]
[Date "2017.04.04"]
[Round "9"]
[White "ka1ser64"]
[Black "politeplayer"]
[Result "0-1"]
[WhiteElo "2304"]
[BlackElo "2121"]
[TimeControl "180+2"]
[EndTime "15:00:36 PDT"]
[Termination "politeplayer won by resignation"]

1. d4 Nf6 2. c4 e6 3. Nc3 Bb4 4. e3 O-O 5. Ne2 d5 6. a3 Bd6 7. Nf4 dxc4 8. Bxc4 e5 9. Nfe2 Nc6 10.
d5 Ne7 11. e4 Ng6 12. O-O a6 13. Be3 Ng4 14. Bg5 Qxg5 0-1

[Event "*** Qualifier 1: Titled Tuesday 3|2 Blitz"]
[Site "Chess.com"]
[Date "2017.04.04"]
[Round "9"]
[White "Aragon"]
[Black "aa175"]
[Result "1-0"]
[WhiteElo "2003"]
[BlackElo "1863"]
[TimeControl "180+2"]
[EndTime "15:01:18 PDT"]
[Termination "Aragon won by resignation"]

1. e4 e5 2. d4 exd4 3. c3 dxc3 4. Bc4 Nc6 5. Nf3 Bc5 6. O-O Nf6 7. e5 Ne4 8. Qd5 O-O 9. Qxe4 cxb2 10. Bxb2 d6 11.
Rd1 Re8 12. Qf4 Be6 13. Bxe6 fxe6 14. Nc3 Qg5 15. Qxg5 1-0

[Event "*** Qualifier 1: Titled Tuesday 3|2 Blitz"]
[Site "Chess.com"]
[Date "2017.04.04"]
[Round "9"]
[White "HaryKane"]
[Black "twitchTriniCupid"]
[Result "1-0"]
[WhiteElo "2392"]
[BlackElo "2143"]
[TimeControl "180+2"]
[EndTime "15:01:53 PDT"]
[Termination "HaryKane won by resignation"]

1. e4 c6 2. d4 d5 3. Nc3 dxe4 4.
Nxe4 Bf5 5. Ng3 Bg6 6. h4 h6 7.
Nh3 Nf6 8. Nf4 Bh7 9. Bc4 e6 10. O-O Bd6 11. Nxe6 fxe6 12. Bxe6 Qe7 13. Re1 Kd8 14. Bh3 Qf8 15. Nf5 Bxf5 16. Bxf5 Nbd7 17. c4 Ne8 18. Bh3 Nc7 19. c5 Bf4 20. Qg4 Nf6 21. Qxf4 Ncd5 22. Qg3 1-0

[Event "*** Qualifier 1: Titled Tuesday 3|2 Blitz"]
[Site "Chess.com"]
[Date "2017.04.04"]
[Round "9"]
[White "Feegus"]
[Black "Gabix_94"]
[Result "0-1"]
[WhiteElo "2370"]
[BlackElo "2513"]
[TimeControl "180+2"]
[EndTime "15:02:13 PDT"]
[Termination "Gabix_94 won by resignation"]

1. d4 Nf6 2. Bf4 g6 3. e3 Bg7 4.
Nf3 O-O 5. Be2 d5 6. O-O c5 7.
c3 Nc6 8. dxc5 Ne4 9. b4 Nxb4 10. Nd4 Nc6 11. Nb3 e5 12. Bg3 Be6 13. Qc1 Qe7 14. Qa3 h5 15. h3 Nxg3 16. fxg3 Qg5 17. Rf3 e4 18. Rf2 Qxg3 19. Qc1 Be5 20. Kf1 Qh2 0-1

[Event "*** Qualifier 1: Titled Tuesday 3|2 Blitz"]
[Site "Chess.com"]
[Date "2017.04.04"]
[Round "9"]
[White "Quiet_Desperation"]
[Black "BogdanDeac"]
[Result "0-1"]
[WhiteElo "2103"]
[BlackElo "2362"]
[TimeControl "180+2"]
[EndTime "15:02:25 PDT"]
[Termination "BogdanDeac won by resignation"]

1. e4 g6 2. d4 Bg7 3. Nc3 c6 4. Be3 Qb6 5. a3 d6 6. Nf3 Bg4 7. Be2 Bxf3 8. gxf3 Nf6 9. O-O O-O 10. f4 Qc7 11. e5 Nd5 12. Nxd5 cxd5 13. Qd2 Nc6 14. c3 Rad8 15. Kh1 e6 16. Rg1 f6 17. f5 exf5 18. Bf3 dxe5 19. dxe5 fxe5 20. Bxd5+ Kh8 21. c4 e4 22. Bh6 Ne5 23. Bxg7+ Qxg7 24. Qa5 b6 25. Qb4 Nd3 26. Qd2 Nxb2 0-1

[Event "*** Qualifier 1: Titled Tuesday 3|2 Blitz"]
[Site "Chess.com"]
[Date "2017.04.04"]
[Round "9"]
[White "PowerThinking2650"]
[Black "michaelk123"]
[Result "0-1"]
[WhiteElo "2184"]
[BlackElo "2251"]
[TimeControl "180+2"]
[EndTime "15:03:45 PDT"]
[Termination "michaelk123 won by resignation"]

1. e4 c5 2. Nf3 e6 3. d4 cxd4 4.
Nxd4 Nc6 5. Nb5 d6 6. c4 Nf6 7. N5c3 Be7 8. Be2 O-O 9. O-O b6 10. Be3 Bb7 11. Nd2 Rc8 12. a3 Ne5 13. Rc1 Re8 14. b4 Bf8 15. f3 d5 16. f4 Nxc4 17. Nxc4 dxc4 18. e5 Nd5 19. Bd4 a5 20. Ne4 axb4 21.
axb4 Nxb4 22. Nd6 Bxd6 23. exd6 Qxd6 24. Bxc4 Red8 25. Be5 Qc5+ 0-1

[Event "*** Qualifier 1: Titled Tuesday 3|2 Blitz"]
[Site "Chess.com"]
[Date "2017.04.04"]
[Round "9"]
[White "Kawhi_Leonard2"]
[Black "FearNoEvil12"]
[Result "1-0"]
[WhiteElo "2186"]
[BlackElo "2087"]
[TimeControl "180+2"]
[EndTime "15:04:43 PDT"]
[Termination "Kawhi_Leonard2 won by checkmate"]

1. e4 Nf6 2. e5 Nd5 3. d4 d6 4.
Nf3 Nb6 5. exd6 cxd6 6. Bd3 g6 7. c3 Bg7 8. O-O O-O 9. Re1 Nc6 10. Bg5 h6 11. Bh4 Bg4 12. h3 Bxf3 13. Qxf3 Qc7 14.
Nd2 e5 15. dxe5 dxe5 16. Bf6 Rae8 17. Ne4 Nd5 18. Bxg7 Kxg7 19. Bc4 Nf4 20. g3 f5 21. gxf4 fxe4 22. Rxe4 Rxf4 23. Qxf4 exf4 24. Rxe8 Ne7 25. Re1 Qxc4 26. R8xe7+ Kf6 27. Rxb7 Kg5 28. Re5+ Kh4 29. Rb4 Qxa2 30. Rxf4+ Kxh3 31. Re3# 1-0

[Event "*** Qualifier 1: Titled Tuesday 3|2 Blitz"]
[Site "Chess.com"]
[Date "2017.04.04"]
[Round "9"]
[White "SmoothAsAHedgehog"]
[Black "oggy1984"]
[Result "1-0"]
[WhiteElo "2529"]
[BlackElo "2329"]
[TimeControl "180+2"]
[EndTime "15:04:57 PDT"]
[Termination "SmoothAsAHedgehog won on time"]

1. Nf3 Nf6 2. c4 e6 3. g3 d5 4. Bg2 Be7 5. O-O Nbd7 6. b3 O-O 7. Bb2 b6 8. e3 Ba6 9. d3 c5 10. Nc3 Rc8 11. Qe2 Qc7 12. Rad1 Rfd8 13. Ne1 Nf8 14.
f4 dxc4 15. bxc4 Ng6 16. f5 exf5 17. Rxf5 Bb7 18. a4 Bxg2 19. Nxg2 Qd7 20. Rff1 Qh3 21. Nf4 Nxf4 22. Rxf4 Re8 23. Rdf1 Qe6 24. e4 Rcd8 25.
Qf3 Qd7 26. Nd5 Nxd5 27. cxd5 f6 28. Qh5 c4 29. Rh4 h6 30. Qg6 Qc7 31. Rxh6 c3 32.
Ba3 Bxa3 33. Rxf6 1-0

[Event "*** Qualifier 1: Titled Tuesday 3|2 Blitz"]
[Site "Chess.com"]
[Date "2017.04.04"]
[Round "9"]
[White "peteseeger"]
[Black "ruvat"]
[Result "0-1"]
[WhiteElo "2099"]
[BlackElo "2223"]
[TimeControl "180+2"]
[EndTime "15:05:00 PDT"]
[Termination "ruvat won by resignation"]

1. e4 d6 2. d4 Nf6 3. Nc3 g6 4.
f4 Bg7 5. Nf3 O-O 6. e5 dxe5 7.
fxe5 Nd5 8. Bc4 Be6 9. Nxd5 Bxd5 10. Bxd5 Qxd5 11. O-O c5 12. dxc5 Qxc5+ 13. Kh1 Nc6 14. e6 fxe6 15. Qe2 e5 16. c3 b5 17. Be3 Qc4 18. Qe1 e4 19. Ng5 h6 20. Nh3 Rxf1+ 21.
Qxf1 Rf8 22. Nf2 Ne5 23. Bd4 Nd3 0-1

[Event "*** Qualifier 1: Titled Tuesday 3|2 Blitz"]
[Site "Chess.com"]
[Date "2017.04.04"]
[Round "9"]
[White "GamayevOleg"]
[Black "dolynachess"]
[Result "0-1"]
[WhiteElo "2402"]
[BlackElo "2324"]
[TimeControl "180+2"]
[EndTime "15:05:08 PDT"]
[Termination "dolynachess won by resignation"]

1. d3 Nf6 2. e4 d6 3. Nf3 g6 4. Be2 c5 5. O-O Bg7 6. c3 O-O 7. a4 Bg4 8. Ng5 Bxe2 9. Qxe2 Nc6 10. Nf3 a6 11. Nbd2 Nd7 12. Qd1 b5 13. Qc2 Qb6 14.
Re1 Rfb8 15. Nf1 b4 16. N1d2 bxc3 17. bxc3 Qa5 18. Ra3 Nde5 19. Nxe5 Nxe5 20. f4 Nc6 21. Nc4 Qc7 22. Bd2 Na5 23. Nxa5 Qxa5 24. Rb1 Rxb1+ 25. Qxb1 c4 26. Qb4 Qh5 27. Qb1 Qc5+ 0-1

[Event "*** Qualifier 1: Titled Tuesday 3|2 Blitz"]
[Site "Chess.com"]
[Date "2017.04.04"]
[Round "9"]
[White "Ginger_GM"]
[Black "GameOverBro"]
[Result "1-0"]
[WhiteElo "2461"]
[BlackElo "2254"]
[TimeControl "180+2"]
[EndTime "15:05:20 PDT"]
[Termination "Ginger_GM won by resignation"]

1. d4 Nf6 2. Bg5 e6 3. e4 Be7 4. Nd2 d6 5. Bd3 c5 6. e5 Nd5 7.
Bxe7 Qxe7 8. exd6 Qxd6 9. Ne4 Qb6 10. dxc5 Qxb2 11. Rb1 Qxa2 12. Nd6+ Ke7 13. Ne2 Qa5+ 14.
c3 Qxc5 15. Ne4 Qc7 16. O-O Nc6 17. Qc1 Rd8 18. Qa3+ Ke8 19. Rfd1 Qe7 20. Qb2 Kf8 21. N2g3 Ne5 22. Bf1 b5 23. Qxb5 Nxc3 24. Rxd8+ Qxd8 25. Nxc3 Kg8 26. Qxe5 1-0

[Event "*** Qualifier 1: Titled Tuesday 3|2 Blitz"]
[Site "Chess.com"]
[Date "2017.04.04"]
[Round "9"]
[White "PaulfromSPb"]
[Black "jcibarra"]
[Result "0-1"]
[WhiteElo "2541"]
[BlackElo "2657"]
[TimeControl "180+2"]
[EndTime "15:05:25 PDT"]
[Termination "jcibarra won by checkmate"]

1. d4 Nf6 2. Bg5 c5 3. d5 Ne4 4. Bc1 e6 5. f3 Qh4+ 6. g3 Nxg3 7. hxg3 Qxh1 8. Nh3 Bd6 9. Kf2 Qh2+ 10. Bg2 Qxg3+ 11.
Kf1 O-O 12. Nc3 f5 13. dxe6 dxe6 14. Nb5 Be5 15. f4 a6 16. fxe5 axb5 17. Bf4 Qg4 18. Qd6 c4 19. e3 Nc6 20. Ng5 h6 21. Nxe6 Bxe6 22. Qxe6+ Kh7 23. Qd7 Rae8 24. e6 Re7 25. Qd5 Rd8 26. Qxb5 Rd2 27. Bd5 Nd4 28. Qxc4 Nf3 29.
Qe2 Qg1# 0-1

[Event "*** Qualifier 1: Titled Tuesday 3|2 Blitz"]
[Site "Chess.com"]
[Date "2017.04.04"]
[Round "9"]
[White "rithwik2002"]
[Black "ecwinslow"]
[Result "1-0"]
[WhiteElo "1841"]
[BlackElo "2069"]
[TimeControl "180+2"]
[EndTime "15:05:33 PDT"]
[Termination "rithwik2002 won by resignation"]

1. d4 Nf6 2. Bf4 d6 3. Nc3 g6 4. e4 Bg7 5. Qd2 Nbd7 6. O-O-O O-O 7. Nf3 c6 8. Bh6 Qa5 9. h4 b5 10. Bxg7 Kxg7 11. e5 Ng8 12. h5 b4 13. hxg6 hxg6 14.
Ng5 dxe5 15. Rh7+ Kf6 16. Nce4+ Kf5 17. g4+ 1-0

[Event "*** Qualifier 1: Titled Tuesday 3|2 Blitz"]
[Site "Chess.com"]
[Date "2017.04.04"]
[Round "9"]
[White "Sanan_Sjugirov"]
[Black "HansCoolNiemann"]
[Result "0-1"]
[WhiteElo "2687"]
[BlackElo "2376"]
[TimeControl "180+2"]
[EndTime "15:05:41 PDT"]
[Termination "HansCoolNiemann won by resignation"]

1. d4 Nf6 2. Nf3 c5 3. d5 d6 4. Nc3 e5 5. e4 a6 6. a4 Bg4 7. h3 Bh5 8. g4 Bg6 9. Qe2 Be7 10. Nd2 Nfd7 11. Nc4 Nb6 12. Nxb6 Qxb6 13. h4 h6 14. a5 Qd8 15. h5 Bh7 16. Be3 Nd7 17. Qd2 Bh4 18. Bd3 O-O 19. O-O-O Be7 20. Nb1 c4 21. Bxc4 Bxe4 22. Rhg1 Rc8 23. Bd3 Nc5 24. Bxc5 Rxc5 25.
f4 Bxd3 26. Qxd3 exf4 27. Nc3 Qxa5 28. Kb1 Rfc8 29. Rge1 Rxc3 30. bxc3 Bf6 0-1

[Event "*** Qualifier 1: Titled Tuesday 3|2 Blitz"]
[Site "Chess.com"]
[Date "2017.04.04"]
[Round "9"]
[White "iturrizaga"]
[Black "Bad4life"]
[Result "1-0"]
[WhiteElo "2662"]
[BlackElo "2293"]
[TimeControl "180+2"]
[EndTime "15:05:42 PDT"]
[Termination "iturrizaga won by resignation"]

1. Nf3 c5 2. c4 Nc6 3. d4 cxd4 4.
Nxd4 Nf6 5. g3 e6 6. Bg2 Qb6 7. Nc2 Be7 8. Nc3 d6 9. O-O O-O 10. b3 e5 11. Bg5 Qa5 12. Qd2 Be6 13. Rfd1 Rfd8 14. Rab1 Rab8 15. b4 Qb6 16. Be3 Nd4 17.
Nxd4 exd4 18. Bxd4 Qc7 19. Nd5 Qxc4 20. Nxe7+ Kf8 21. Bxf6 gxf6 22. Nd5 Kg7 23. Rbc1 Qg4 24. h3 Qh5 25. Nf4 Qf5 26. Nxe6+ fxe6 27. Rc7+ Kh8 28.
Qh6 Rg8 29. Rxd6 Rbf8 30. Rdd7 Qb1+ 31. Kh2 Rxg3 32. Rxh7+ 1-0

[Event "*** Qualifier 1: Titled Tuesday 3|2 Blitz"]
[Site "Chess.com"]
[Date "2017.04.04"]
[Round "9"]
[White "evgenyermolaev"]
[Black "NTBT_DHS"]
[Result "0-1"]
[WhiteElo "2357"]
[BlackElo "2447"]
[TimeControl "180+2"]
[EndTime "15:06:07 PDT"]
[Termination "NTBT_DHS won by resignation"]

1. e4 g6 2. d4 Bg7 3. Nc3 d6 4.
Be3 a6 5. f3 Nd7 6. g4 b5 7. Qd2 h6 8. Nge2 Ngf6 9. Ng3 Nb6 10. h4 Bb7 11. h5 g5 12. Nf5 Bf8 13. d5 e6 14. dxe6 fxe6 15. Nd4 Qd7 16. a4 b4 17. Nd1 c5 18. Nb3 a5 19. Rh3 Bc6 20. e5 Nfd5 21.
exd6 Nxe3 22. Qxe3 Qxd6 23. Nf2 Nd5 24. Qd2 Qe5+ 25.
Ne4 Qxb2 26. Bb5 Bxb5 27. axb5 Bg7 28. Nd6+ Ke7 29. Nc4 Qxa1+ 30. Nxa1 Bc3 31. Nb3 a4 32. Nxc5 a3 33. Qxc3 Nxc3 34. Nb3 a2 35. Na1 Rhd8 36.
Ne3 Nxb5 0-1

[Event "*** Qualifier 1: Titled Tuesday 3|2 Blitz"]
[Site "Chess.com"]
[Date "2017.04.04"]
[Round "9"]
[White "Spartakus1975"]
[Black "pKiLz5Rn9b"]
[Result "0-1"]
[WhiteElo "2523"]
[BlackElo "2613"]
[TimeControl "180+2"]
[EndTime "15:06:18 PDT"]
[Termination "pKiLz5Rn9b won by resignation"]

1. e4 e6 2. d4 d5 3. exd5 exd5 4.
Bd3 Bd6 5. Qf3 Nc6 6. c3 Nge7 7. Ne2 O-O 8. Bf4 Ng6 9. Bxd6 Qxd6 10. Nd2 Re8 11.
O-O-O Nh4 12. Qh5 Nf5 13. Ng3 g6 14. Qg5 h6 15. Nxf5 Bxf5 16. Qxh6 Bxd3 17. Nf3 Bf5 18.
Ng5 Qf6 19. h3 Qg7 20. Qh4 f6 21. Nf3 Be4 22. Nd2 Bd3 23. Rde1 g5 24. Qg3 Bh7 25. Re3 Qg6 26. Kd1 Rxe3 27. fxe3 Ne7 28. Rf1 Re8 29. e4 dxe4 30. Nc4 e3 31. Nxe3 Qd3+ 32. Kc1 Nd5 33. Rd1 Qb1+ 34. Kd2 Qxb2+ 0-1